 Dungeon Crawl Stone Soup version 0.28.0-43-g3370ac3207 (webtiles) character file.

Game seed: 4092424684515768492

144 pkoi the Chopper (level 5, -3/40 HPs)
             Began as a Minotaur Gladiator on Mar 3, 2022.
             Was an Initiate of Yredelemnul.
             Slain by an orc
             ... wielding a +0 war axe
              (5 damage)
             ... on level 4 of the Dungeon.
             The game lasted 00:02:39 (3609 turns).

pkoi the Chopper (Minotaur Gladiator)               Turns: 3609, Time: 00:02:41

Health: -3/40      AC:  6    Str: 22    XL:     5   Next: 5%
Magic:  5/5        EV: 12    Int:  5    God:    Yredelemnul [......]
Gold:   122        SH:  0    Dex: 10    Spells: 4/4 levels left

rFire   . . .      SeeInvis .   a - +0 war axe
rCold   . . .      Faith    .   (no shield)
rNeg    . . .      Spirit   .   b - +0 leather armour
rPois   .          Reflect  .   l - +2 hat
rElec   .          Harm     .   (no cloak)
rCorr   .          Rampage  .   g - +0 pair of gloves
Will    .....                   (no boots)
Stlth   +.........              (no amulet)
HPRegen 0.13/turn               (no ring)
MPRegen 0.09/turn               (no ring)

@: flying
A: horns 2, retaliatory headbutt, clumsy 1, frail 1, strong 1
a: Renounce Religion, Recall Undead Harvest


You were on level 4 of the Dungeon.
You worshipped Yredelemnul.
Yredelemnul was noncommittal.
You visited 1 branch of the dungeon, and saw 4 of its levels.

You collected 122 gold pieces.

Inventory:

Hand Weapons
 a - a +0 war axe (weapon)
Missiles
 d - 3 throwing nets (quivered)
Armour
 b - a +0 leather armour (worn)
 c - a +0 hat
 g - a +0 pair of gloves (worn)
 l - a +2 hat (worn)
Jewellery
 f - a ring of flight
 j - an amulet of magic regeneration
Scrolls
 e - 4 scrolls of identify {unknown}
 h - a scroll of magic mapping {unknown}
 k - a scroll of amnesia {unknown}
 n - a scroll of fog {unknown}
 o - a scroll of teleportation {unknown}
 q - a scroll of blinking {unknown}
Potions
 i - a potion of mutation
 p - a potion of might {unknown}


   Skills:
 - Level 3.0 Fighting
 * Level 6.3 Axes
 - Level 2.0 Throwing
 - Level 3.2 Dodging
 + Level 1.5 Invocations


You had 4 spell levels left.
You didn't know any spells.
Your spell library contained the following spells:

 Spells                   Type           Power      Damage    Failure   Level
 Ensorcelled Hibernation  Hex/Ice        0%         N/A       67%         2
 Passwall                 Tmut/Erth      0%         N/A       67%         2
 Ignite Poison            Fire/Tmut/Pois 0%         N/A       88%         3
 Mephitic Cloud           Conj/Pois/Air  0%         N/A       88%         3
 Swiftness                Air            0%         N/A       88%         3
 Freezing Cloud           Conj/Ice/Air   0%         6-21      100%        5


Dungeon Overview and Level Annotations

Branches:
Dungeon (4/15)
 Temple: D:4-7

Altars:
Yredelemnul

Annotations:
D:4 Eustachio


Innate Abilities, Weirdness & Mutations

You have a pair of horns on your head.
You reflexively headbutt those who attack you in melee.
You are clumsy. (Dex -2)
You are frail. (-10% HP)
Your muscles are strong. (Str +2)


Message History

The bat hits you.
* * * LOW HITPOINT WARNING * * *
Eustachio barely misses you. The rat bites you but does no damage.
Eustachio closely misses you. You furiously retaliate!
You headbutt Eustachio. The rat completely misses you.
Unknown command.
You closely miss Eustachio.
You headbutt Eustachio, but do no damage.
Eustachio is moderately wounded.
You hit the orc. You closely miss the rat. The bat hits you but does no damage.
Eustachio closely misses you. The bat closely misses you.
You furiously retaliate!
You headbutt the bat.
You kill the bat!
The bat's corpse disappears in a puff of smoke!
The orc hits you with a +0 club.
* * * LOW HITPOINT WARNING * * *
Eustachio hits you with a +0 rapier.
* * * LOW HITPOINT WARNING * * *
You slash Eustachio! Your headbutt misses Eustachio.
Eustachio is severely wounded.
You barely miss the orc. You hit the rat but do no damage.
The white imp disappears in a puff of smoke!
The orc barely misses you. Eustachio hits you but does no damage.
The rat barely misses you. The rat bites you but does no damage.
Unknown command.
It was a potion of mutation.
You feel extremely strange.
You feel clumsy.
You feel frail.
You feel stronger.
Eustachio casts a spell.
The rat barely misses you. Eustachio completely misses you.
The rat barely misses you. The orc barely misses you. You furiously retaliate!
You headbutt the orc!
You kill the orc!
It was a potion of flight.
You feel very buoyant.
You fly up into the air.
The rat disappears in a puff of smoke! x2
Eustachio hits you with a +0 rapier.
* * * LOW HITPOINT WARNING * * *
The rat closely misses you. The orc hits you with a +0 war axe.
You die...
Your body rises from the dead as a mindless zombie.

#..##....# ##.## #.##
##########..####..# #
####.................. ##.
##..###...###..........
#####.####..## ##..#
##.......## .......##.###
##.## #......## ..........#
##...####.....##
.....#.r.## #)@r......##..#
....#.....# ##@o§.....##
#...
....#...5.####.or......#
...
o@#.....o.....§rr.#....#
o.##........##..####...## .
#........###.# #....# #
#.........##.# #....## .#
....o.......#.####.....#.#
................##........#


You could see Eustachio (fast), an orc priest, an orc, 2 quokkas and 2 rats.

Vanquished Creatures
  A centaur zombie (D:3)
  An orc priest (D:3)
  A gnoll (D:1)
  2 adders
  An adder skeleton (D:2)
  2 dart slugs (D:1)
  3 orcs
  5 ball pythons
  5 endoplasms
  4 hobgoblins
  5 kobolds
  6 bats
  6 frilled lizards
  3 goblins
  3 rats
48 creatures vanquished.

Vanquished Creatures (others)
  A hobgoblin zombie (D:3)
  An orc zombie (D:3)
2 creatures vanquished.

Grand Total: 50 creatures vanquished

Notes
Turn   | Place    | Note
-------+----------+-------------------------------------------
     0 | D:1      | pkoi the Minotaur Gladiator began the quest for the Orb.
     0 | D:1      | Reached XP level 1. HP: 18/18 MP: 0/0
   104 | D:1      | Reached skill level 4 in Axes
   104 | D:1      | Reached XP level 2. HP: 4/25 MP: 1/1
  1071 | D:1      | Reached XP level 3. HP: 22/31 MP: 2/2
  1581 | D:2      | Reached skill level 5 in Axes
  1912 | D:2      | Found a faded altar of an unknown god.
  1932 | D:2      | Found a basalt altar of Yredelemnul.
  2014 | D:2      | Became a worshipper of Yredelemnul the Dark
  2247 | D:2      | Reached * piety under Yredelemnul
  2516 | D:3      | Reached XP level 4. HP: 4/38 MP: 3/3
  2902 | D:3      | Reached skill level 1 in Invocations
  2922 | D:3      | Reached skill level 6 in Axes
  3039 | D:3      | Reached XP level 5. HP: 38/45 MP: 5/5
  3583 | D:4      | Noticed Eustachio
  3608 | D:4      | Gained mutation: You are clumsy. (Dex -2) [potion of
                  | mutation]
  3608 | D:4      | Gained mutation: You are frail. (-10% HP) [potion of
                  | mutation]
  3608 | D:4      | Gained mutation: Your muscles are strong. (Str +2) [potion
                  | of mutation]
  3609 | D:4      | HP: 2/40 [Eustachio/+0 rapier (3)]
  3609 | D:4      | Slain by an orc

Illustrated notes

Levels and vault maps discovered:
D:1:      dpeg_arrival_more_subterranean_lakeside_camping, layout_loops_corners,
          minmay_cupped
D:2:      layout_basic, basic_altar, hellmonk_ecumenical_altar_blasted,
          minmay_pentomino_s2
D:3:      layout_loops_ring, st_stairs_11
D:4:      layout_layer_cave, moated_statue, minmay_increasing_density,
          uniq_eustachio

Skill      XL: |  1  2  3  4 |
---------------+-------------+-----
Axes           | 4 5 6 |  6.3
Fighting       | 3 |  3.0
Invocations    | 1 |  1.5
Throwing       | |  2.0
Dodging        | |  3.2

Action                   |  1- 3 |  4- 6 || total
-------------------------+-------+-------++-------
Melee: War axe           |    77 |    31 ||   108
       Headbutt          |     8 |     6 ||    14
Invok: Recall Undead Har |       |     1 ||     1
  Use: Potion            |       |     2 ||     2
 Stab: Sleeping          |     2 |       ||     2
Armor: Leather armour    |    19 |    28 ||    47
Dodge: Dodged            |    56 |    40 ||    96
